 Dungeon Crawl Stone Soup version 0.30.0-5-g1a98f26d00 (webtiles) character file.

Game seed: 9666652228566677678

4391 qeuew the Protected (level 10, -2/83 (90) HPs)
             Began as a Minotaur Berserker on May 11, 2023.
             Was an Elder of Trog.
             Slain by a yak (11 damage)
             ... while paralysed by Joseph
             ... on level 8 of the Dungeon.
             The game lasted 00:08:56 (5954 turns).

qeuew the Protected (Minotaur Berserker)            Turns: 5954, Time: 00:08:56

HP:   -2/83 (90)    AC:  9    Str: 24    XL:     10   Next: 13%
MP:   9/9           EV:  2    Int:  4    God:    Trog [****..]
Gold: 404           SH:  0    Dex: 12    Spells: 9/9 levels left

rFire   + . .        c - +4 hand axe
rCold   . . .        (no shield)
rNeg    . . .        k - +0 ring mail
rPois   +            (helmet restricted)
rElec   .            (no cloak)
rCorr   .            (no gloves)
SInv    .            (no boots)
Will    .....        (no amulet)
Stlth   +            g - ring of protection from fire
HPRegen 0.33/turn    i - +5 ring of evasion
MPRegen 0.11/turn

%: random rage (3%)
@: paralysed, on berserk cooldown, slowed, drained
A: horns 2, retaliatory headbutt, iridescent scales 1, berserk 1, poison
resistance
a: Renounce Religion, Berserk, Trog's Hand, Brothers in Arms


You were on level 8 of the Dungeon.
You worshipped Trog.
Trog was greatly pleased with you.
You visited 1 branch of the dungeon, and saw 8 of its levels.

You collected 404 gold pieces.

Inventory:

Hand Weapons
 c - a +4 hand axe (weapon)
Armour
 k - a +0 ring mail (worn)
Jewellery
 g - a ring of protection from fire (left hand)
 i - a +5 ring of evasion (right hand)
Wands
 n - a wand of paralysis (2)
Scrolls
 d - a scroll of blinking
 e - 4 scrolls of enchant weapon
 h - 2 scrolls of teleportation
 j - a scroll of poison
 l - a scroll of fog
Potions
 a - a potion of magic
 f - a potion of flight
 m - 2 potions of curing


   Skills:
 + Level 8.7 Fighting
 + Level 8.7 Axes
 * Level 11.3 Armour
 + Level 7.5 Dodging
 + Level 1.4 Evocations


You had 9 spell levels left.
You didn't know any spells.
Your spell library was empty.

Dungeon Overview and Level Annotations

Branches:
Dungeon (8/15)             Temple (0/1) D:6
   Lair: D:8-11

Altars:
Okawaru
Qazlal
Ru

Shops:
D:5 (=!=

Annotations:
D:4 2 transporters, hattop's ghost, amateur DsTm
D:8 Joseph


Innate Abilities, Weirdness & Mutations

You have a pair of horns on your head.
You reflexively headbutt those who attack you in melee.
You are partially covered in iridescent scales. (AC +2)
You sometimes lose your temper in combat.
Your system is resistant to poisons. (rPois)


Message History

Joseph is heavily wounded.
You hit the wight. The wight closely misses you. You furiously retaliate!
You headbutt the wight!
You destroy the wight!
Trog accepts your kill. The wight completely misses you.
You barely miss Joseph.
Joseph is heavily wounded.
You hit the yak. Joseph hits you but does no damage.
Unknown command.
You barely miss Joseph. Your headbutt misses Joseph.
Joseph is heavily wounded.
You slash the yak!
The wight hits you from afar with a +3 halberd!
You feel drained. The yak gores you!
Joseph says, "It's nothing personal, but I have to kill you."
Joseph hits you with a +0 quarterstaff!
Unknown command.
You closely miss Joseph. You headbutt Joseph!
Joseph is severely wounded.
You closely miss the yak.
Unknown command.
You slash Joseph!
Joseph is almost dead.
You barely miss the yak. The yak misses you. The wight barely misses you.
Joseph zaps a wand.
You suddenly lose the ability to move!
The yak gores you!
The wight hits you from afar with a +3 halberd.
Joseph hits you with a +0 quarterstaff. The yak gores you!
* * * LOW HITPOINT WARNING * * *
The wight hits you from afar with a +3 halberd!
* * * LOW HITPOINT WARNING * * *
You feel drained.
* * * LOW HITPOINT WARNING * * *
Joseph hits you with a +0 quarterstaff.
* * * LOW HITPOINT WARNING * * *
You are no longer berserk.
You feel yourself slow down. The yak gores you!
You die...

...........#.## .......
...........#..# .......
#......#...##.# .......
#......######.# .......
##.....# #.# ..Y....
##....#######.##.).....
#.............)z)zz....
..######....###Y######
.## #..### #.@#
.#######..# ##@#
###.......# #.#
))..#......# #.#
.###........# #..
.#...........# ##.
.)..)........# .#
#.#..........# .#
.............#


You could see Joseph, a yak and a wight.

Vanquished Creatures
  A two-headed ogre (D:5)
  Pikel (D:8)
  Menkaure (D:6)
  Duvessa (D:4)
  A water moccasin (D:7)
  2 sky beasts
  3 ogres
  2 centaurs
  2 lemures (D:8)
  4 kobold brigands
  The ghost of NinjaNoafa the Firebug, an amateur VSFE (D:3)
  2 scorpions
  21 wights
  Dowan (D:4)
  3 howler monkeys (D:7)
  A hound (D:6)
  2 jellies
  4 orc priests
  Crazy Yiuf (D:3)
  4 iguanas (D:6)
  4 orc wizards
  11 adders
  A gnoll (D:5)
  A shadow imp (D:5)
  2 white imps (D:7)
  2 ufetubi
  4 dart slugs
  12 orcs
  6 endoplasms
  2 giant cockroaches
  17 goblins
  9 hobgoblins
  4 jackals (D:1)
  34 kobolds
  3 quokkas
  5 ball pythons
  2 bats
  A frilled lizard (D:3)
  3 rats
181 creatures vanquished.

Notes
Turn   | Place    | Note
-------+----------+-------------------------------------------
     0 | D:1      | qeuew the Minotaur Berserker began the quest for the Orb.
     0 | D:1      | Reached XP level 1. HP: 19/19 MP: 0/0
   171 | D:1      | Reached XP level 2. HP: 19/27 MP: 1/1
   174 | D:1      | Reached skill level 3 in Armour
   407 | D:1      | Reached ** piety under Trog
   409 | D:1      | Reached XP level 3. HP: 17/31 MP: 2/2
  1084 | D:2      | Reached XP level 4. HP: 40/40 MP: 3/3
  1626 | D:3      | Found a runed translucent gate.
  1627 | D:3      | Found a runed translucent gate.
  1631 | D:3      | Found a runed translucent gate.
  1633 | D:3      | Noticed NinjaNoafa's ghost (amateur VSFE)
  1635 | D:3      | Noticed a kobold brigand
  1701 | D:3      | Reached skill level 4 in Armour
  1770 | D:3      | Found a runed translucent door.
  1771 | D:3      | Noticed Crazy Yiuf
  1785 | D:3      | Found the amulet of Elemental Vulnerability {rPois rF--
                  | rC-- AC+8}
  1906 | D:3      | Noticed an ogre
  1917 | D:3      | Killed an ogre
  1917 | D:3      | Reached *** piety under Trog
  1918 | D:3      | Reached XP level 5. HP: 46/47 MP: 4/4
  1960 | D:3      | Found a faded altar of an unknown god.
  2365 | D:3      | Killed Crazy Yiuf
  2442 | D:3      | Reached skill level 5 in Fighting
  2442 | D:3      | Reached skill level 5 in Armour
  2442 | D:3      | Reached XP level 6. HP: 20/56 MP: 5/5
  2445 | D:3      | Killed NinjaNoafa's ghost
  2446 | D:3      | Reached skill level 5 in Axes
  2534 | D:4      | Noticed Duvessa
  2534 | D:4      | Noticed Dowan
  2543 | D:4      | Killed Duvessa
  2547 | D:4      | Killed Dowan
  2548 | D:4      | Reached skill level 6 in Armour
  2548 | D:4      | Reached XP level 7. HP: 61/61 MP: 6/6
  2585 | D:4      | Found a transporter.
  2684 | D:4      | You fall into a shaft and drop 2 floors!
  2742 | D:5      | Entered Level 5 of the Dungeon
  2782 | D:5      | Found Quuzanej's Distillery.
  2946 | D:4      | Noticed hattop's ghost (amateur DsTm)
  2953 | D:4      | Found a transporter.
  3262 | D:4      | Gained mutation: You are partially covered in iridescent
                  | scales. (AC +2) [potion of mutation]
  3262 | D:4      | Gained mutation: You sometimes lose your temper in combat.
                  | [potion of mutation]
  3262 | D:4      | Gained mutation: Your system is resistant to poisons.
                  | (rPois) [potion of mutation]
  3294 | D:5      | Noticed a two-headed ogre
  3303 | D:5      | Killed a two-headed ogre
  3304 | D:5      | Reached skill level 8 in Armour
  3304 | D:5      | Reached skill level 5 in Dodging
  3304 | D:5      | Reached XP level 8. HP: 71/71 MP: 7/7
  3418 | D:5      | Found Furienie's Jewellery Shop.
  3611 | D:5      | Found Xupor's Weapon Boutique.
  3629 | D:5      | Found Nyzebrod's Jewellery Boutique.
  3860 | D:6      | Noticed Menkaure
  3870 | D:6      | Killed Menkaure
  3871 | D:6      | Reached skill level 9 in Armour
  3895 | D:6      | Reached XP level 9. HP: 17/77 MP: 8/8
  3901 | D:6      | HP: 3/74 [wight/+4 trident (9)]
  4258 | D:6      | Reached **** piety under Trog
  4342 | D:6      | Found an iron altar of Okawaru.
  4342 | D:6      | Found a sacrificial altar of Ru.
  4689 | D:6      | Found a staircase to the Ecumenical Temple.
  4757 | D:6      | Reached skill level 10 in Armour
  4832 | D:6      | Found a stormy altar of Qazlal.
  5789 | D:8      | Noticed Pikel
  5805 | D:8      | Killed Pikel
  5806 | D:8      | Reached skill level 11 in Armour
  5806 | D:8      | Reached skill level 1 in Evocations
  5806 | D:8      | Reached XP level 10. HP: 86/90 MP: 9/9
  5936 | D:8      | Noticed Joseph
  5937 | D:8      | Paralysed by Joseph for 2 turns
  5951 | D:8      | Paralysed by Joseph for 4 turns
  5954 | D:8      | Slain by a yak

Illustrated notes

Levels and vault maps discovered:
D:1:      scummos_arrival_forest, layout_loops_ring
D:2:      layout_rooms
D:3:      layout_basic, gammafunk_ghost_nasty_kobolds,
          shapermc_ecumenical_altar_ellora, minmay_ogre_servants,
          uniq_crazy_yiuf_cottage
D:4:      layout_cave_pools, gammafunk_ghost_arena, hangedman_decor_push,
          uniq_duvessa
D:5:      layout_basic, serial_shops, nicolae_shop_tiny_waterfront,
          nicolae_shop_crystal, shop, nicolae_shop_gaudy_bauble, st_stairs_8
D:6:      layout_loops_ring, gammafunk_temple_overflow_elements,
          mainiacjoe_overflow_catwalk, minmay_temple_entry_proselytizer,
          uniq_menkaure
D:7:      layout_rooms
D:8:      layout_rooms, nicolae_wu_jian_wuxing_cycle, uniq_erica, uniq_amaemon,
          uniq_joseph, uniq_pikel

Skill      XL: |  1  2  3  4  5  6  7  8  9 |
---------------+----------------------------+-----
Armour         | 3 4 5 6 8 9 11 | 11.3
Axes           | 4 5 6 7 8 |  8.7
Fighting       | 4 5 6 7 8 |  8.7
Dodging        | 3 4 5 6 7 |  7.5
Evocations     | 1 |  1.4

Action                     |  1- 3 |  4- 6 |  7- 9 | 10-12 || total
---------------------------+-------+-------+-------+-------++-------
  Melee: Hand axe          |    50 |    85 |   221 |    33 ||   389
         Headbutt          |    11 |    17 |    41 |     5 ||    74
         Punch             |       |       |     2 |       ||     2
 Invoke: Berserk           |       |     2 |     1 |     1 ||     4
         Trog's Hand       |       |     1 |     2 |       ||     3
    Use: Scroll            |     6 |     3 |     4 |       ||    13
         Potion            |     2 |     3 |     5 |       ||    10
   Stab: Sleeping          |     1 |     1 |       |       ||     2
 Armour: Animal skin       |    13 |     1 |       |       ||    14
         Ring mail         |       |    12 |    54 |     3 ||    69
  Dodge: Dodged            |    37 |    64 |   207 |    32 ||   340
